 Dungeon Crawl Stone Soup version 0.28.0-49-g6dfe1f597d (webtiles) character file.

Game seed: 4157782006968925747

63 Peloso the Covered (level 3, 30/30 HPs)
             Began as a Minotaur Fighter on May 14, 2022.
             Got out of the dungeon alive.
             The game lasted 00:02:22 (2048 turns).

Peloso the Covered (Minotaur Fighter)               Turns: 2048, Time: 00:02:23

Health: 30/30      AC: 10    Str: 20    XL:     3   Next: 87%
Magic:  2/2        EV:  7    Int:  5    God:
Gold:   61         SH:  4    Dex: 11    Spells: 2/2 levels left

rFire   . . .      SeeInvis .   a - +0 long sword
rCold   . . .      Faith    .   c - +0 buckler
rNeg    . . .      Spirit   .   e - +0 chain mail
rPois   .          Reflect  .   (helmet restricted)
rElec   .          Harm     .   (no cloak)
rCorr   .          Rampage  .   g - +0 pair of gloves
Will    .....                   (no boots)
Stlth   ..........              (no amulet)
HPRegen 0.10/turn               (no ring)
MPRegen 0.08/turn               (no ring)

@: no status effects
A: horns 2, retaliatory headbutt, frail 1, passive freeze
a: no special abilities


You escaped.
You visited 1 branch of the dungeon, and saw 2 of its levels.

You collected 61 gold pieces.

Inventory:

Hand Weapons
 a - a +0 long sword (weapon)
Armour
 b - a +1 scale mail
 c - a +0 buckler (worn)
 e - a +0 chain mail (worn)
 g - a +0 pair of gloves (worn)
Jewellery
 i - a ring of positive energy
Scrolls
 j - a scroll of enchant armour
 k - a scroll of silence {unknown}
Potions
 d - a potion of might
 f - a potion of heal wounds


   Skills:
 + Level 4.3 Fighting
 + Level 3.0 Long Blades
 + Level 4.5 Armour
 + Level 4.2 Shields


You had 2 spell levels left.
You didn't know any spells.
Your spell library contained the following spells:

 Spells                   Type           Power      Damage    Failure   Level
 Foxfire                  Conj/Fire      0%         2x1d4     100%        1
 Shock                    Conj/Air       0%         1d3       100%        1
 Conjure Flame            Conj/Fire      0%         6-21      100%        3
 Inner Flame              Hex/Fire       0%         N/A       100%        3
 Swiftness                Air            0%         N/A       100%        3
 Airstrike                Air            0%         N/A       100%        4
 Flame Wave               Conj/Fire      0%         2d4       100%        4


Dungeon Overview and Level Annotations

Branches:
Dungeon (2/15)

Altars:


Innate Abilities, Weirdness & Mutations

You have a pair of horns on your head.
You reflexively headbutt those who attack you in melee.
You are frail. (-10% HP)
A frigid envelope surrounds you and freezes all who hurt you.


Message History

Found 14 gold pieces.
You see here a +0 dagger.
You now have 61 gold pieces (gained 14).
You open the door.
Found a hand axe.
There is an open door here.
You see here a +0 hand axe.
You pick up a book of Flames and begin reading...
You add the spells Foxfire, Conjure Flame, Inner Flame and Flame Wave to your library.
A rat comes into view.
A rat is nearby!
A rat is nearby!
A rat is nearby!
A rat is nearby!
The rat closely misses you. You furiously retaliate!
You headbutt the rat!
You kill the rat!
You see here a +0 dagger.
Things that are here:
a +0 dagger; a goblin skeleton
There is an open door here.
Key pressed, stopping explore.
Done exploring.
Done exploring.
Done exploring.
Done exploring.
Done exploring.
It was a potion of heal wounds.
You feel much better.
It was a potion of mutation.
You feel extremely strange.
You feel frail.
Your skin feels very cold.
(D) Dungeon
Where to? (Enter - D:12, ? - help)
What level of the Dungeon? (default 1, ? - help)
There is a stone staircase leading up here.
You climb upwards.
There is a stone staircase leading down here.
You enter the shallow water.
Moving in this stuff is going to be slow.
There is a staircase leading out of the dungeon here.
Are you sure you want to leave the Dungeon?
This will make you lose the game!
You have escaped!

......)# #.# #.....#...........
.......# #.# #######...........
.......# #.# #..>........
.......###.#################.....
.......##..................'.....
....#####.#.#.#.#.#.#.######.....
##### #..#.#.#.#.#.#.# #.....
#.#.#.≈≈≈≈≈.#.######.....
#..#.#≈.@.≈#.#...........
#.#.#.≈...≈.#.#..........
#..#.#≈...≈#.#.#.........
###.#.≈≈≈≈≈.#.##.........
#.#.#.#.#.#.#.#.........
##.#.#.#.#.#.##.........
#########.####.......(.
#...........##### #.######....# #


There were no monsters in sight!

Vanquished Creatures
  Terence (D:2)
  A worm (D:2)
  5 ball pythons
  2 endoplasms
  6 giant cockroaches (D:2)
  2 hobgoblins (D:2)
  4 kobolds
  4 quokkas
  2 bats
  2 frilled lizards
  3 goblins (D:2)
  2 rats
34 creatures vanquished.

Notes
Turn   | Place    | Note
-------+----------+-------------------------------------------
     0 | D:1      | Peloso the Minotaur Fighter began the quest for the Orb.
     0 | D:1      | Reached XP level 1. HP: 19/19 MP: 0/0
    12 | D:1      | Found a faded altar of an unknown god.
   444 | D:1      | Reached XP level 2. HP: 27/27 MP: 1/1
   999 | D:2      | Noticed Terence
  1009 | D:2      | Killed Terence
  1010 | D:2      | Reached XP level 3. HP: 13/33 MP: 2/2
  1977 | D:2      | Gained mutation: You are frail. (-10% HP) [potion of
                  | mutation]
  1977 | D:2      | Gained mutation: A frigid envelope surrounds you and
                  | freezes all who hurt you. [potion of mutation]
  2048 | D:$      | Got out of the dungeon alive.

Illustrated notes

Levels and vault maps discovered:
D:1:      ncdulo_watergridlock, layout_basic, chequers_ecumenical_altar_island,
          corexii_leaking_fountain
D:2:      layout_basic, minmay_worlds_worst_comb, uniq_terence

Skill      XL: |  1  2  3 |
---------------+----------+-----
Armour         | 4 |  4.5
Fighting       | 4 |  4.3
Shields        | 4 |  4.2
Long Blades    | 3 |  3.0

Action                   || total
-------------------------++-------
Melee: Long sword        ||    72
       Headbutt          ||     3
  Use: Scroll            ||     3
       Potion            ||     3
Armor: Scale mail        ||    25
       Chain mail        ||    13
Dodge: Dodged            ||    34
Block: Buckler           ||    24
